Map: [ESL] Curious Minds

Players

Dream - Winner!

  • Race: Terran Terran

Neeb

  • Race: Protoss Protoss

Event: IEM Katowice 2022

VOD

Have the link to the VOD?

Description

Time

  • Played on: Feb. 24, 2022, 5:20 a.m.
  • Length: 11:36

All games in this series

Show
View Real Time Build Order
Export as new Build Order

Dream Terran - Winner!

Build Orders:  

Get SALT Encoding   

  12  0:00  SCV  
  13  0:12  SCV  
  14  0:16  Supply Depot  
  14  0:24  SCV  
  15  0:38  SCV  
  15  0:39  Barracks  
  16  0:43  Refinery  
  16  0:50  SCV  
  16  0:54  Refinery  
  17  1:02  SCV  
  18  1:14  SCV  
  19  1:26  Reaper, Orbital Command  
  20  1:35  Supply Depot  
  20  1:44  Factory  
  20  1:51  Engineering Bay  
  20  1:55  SCV  
  20  2:00  Reaper  
  22  2:07  SCV  
  22  2:20  SCV  
  23  2:28  Hellion  
  25  2:32  SCV, Reaper  
  27  2:44  Supply Depot  
  27  2:45  SCV  
  28  2:52  Widow Mine  
  28  2:54  Command Center  
  28  2:57  SCV  
  29  3:09  SCV  
  30  3:13  Starport  
  30  3:17  Widow Mine  
  30  3:19  Barracks Reactor  
  32  3:22  SCV  
  33  3:33  Barracks  
  33  3:34  SCV  
  34  3:41  Widow Mine  
  36  3:45  Supply Depot  
  36  3:46  SCV  
  34  3:57  Medivac  
  34  3:58  SCV  
  39  4:03  Widow Mine  
  39  4:09  Orbital Command  
  38  4:11  SCV  
  38  4:12  Marine x2  
  41  4:22  Barracks Tech Lab  
  41  4:23  SCV  
  41  4:24  Factory Tech Lab  
  41  4:27  Engineering Bay  
  41  4:31  Starport Tech Lab  
  41  4:36  SCV, Marine x2  
  44  4:40  SCV  
  44  4:42  Siege Tank  
  44  4:45  Stimpack  
  48  4:48  SCV  
  48  4:52  SCV  
  50  4:54  Refinery, Marine  
  50  4:56  Marine  
  50  4:59  Marine  
  53  5:01  SCV  
  53  5:05  SCV  
  53  5:15  SCV, Siege Tank  
  53  5:18  SCV, Marine x2  
  60  5:24  Supply Depot  
  60  5:26  Bunker  
  60  5:28  SCV  
  61  5:29  Terran Infantry Weapons Level 1  
  61  5:30  SCV  
  62  5:42  Barracks  
  62  5:45  Starport Reactor  
  62  5:46  Supply Depot, SCV x2  
  62  5:47  Marine x3  
  67  5:51  Supply Depot  
  67  5:57  Missile Turret  
  67  5:58  SCV x2  
  69  6:06  Supply Depot  
  69  6:09  Marauder  
  69  6:10  Siege Tank  
  69  6:11  SCV  
  75  6:13  SCV  
  75  6:18  Supply Depot, Marine  
  77  6:19  Marine  
  77  6:23  SCV  
  77  6:24  Medivac  
  77  6:25  SCV  
  82  6:27  Medivac  
  82  6:30  Refinery  
  84  6:36  Marauder x2, Concussive Shells, Combat Shield  
  84  6:38  Supply Depot  
  86  6:42  Marine x2  
  88  6:48  SCV  
  88  6:50  SCV  
  89  6:55  Barracks, Factory Reactor  
  89  6:57  Barracks  
  89  7:01  Marauder x2  
  93  7:05  Marine x2  
  95  7:12  Medivac  
  95  7:13  Medivac  
  99  7:17  Command Center  
  99  7:20  Supply Depot  
  99  7:24  Marauder  
  99  7:25  Marine x2  
  99  7:28  SCV x2  
  101  7:33  Terran Infantry Armor Level 1  
  100  7:39  Marauder  
  100  7:42  Widow Mine x2  
  100  7:43  SCV  
  107  7:45  Barracks Reactor  
  107  7:46  Marauder  
  107  7:51  Marine x2  
  109  7:53  SCV  
  109  7:55  Supply Depot  
  112  7:58  Supply Depot  
  112  8:00  Marauder  
  112  8:05  SCV x2  
  113  8:08  Marauder  
  113  8:09  Marine  
  113  8:11  Marine  
  113  8:16  Marine  
  113  8:17  SCV x2  
  115  8:21  Marine  
  115  8:23  Marine x2  
  117  8:29  SCV x2  
  117  8:37  Marine x2  
  117  8:41  SCV, Marauder x2  
  122  8:44  Marauder  
  122  8:45  Marine x2  
  122  8:46  SCV  
  122  8:47  Orbital Command  
  127  8:50  Ghost Academy  
  127  8:52  Viking  
  127  8:55  Marine x2  
  129  9:05  Refinery x2  
  129  9:06  Marine x2, Engineering Bay  
  131  9:10  Armory  
  131  9:17  Marine x2  
  134  9:19  SCV x3  
  134  9:22  Ghost x2, Enhanced Shockwaves  
  139  9:31  SCV x3  
  139  9:32  Marine x2  
  144  9:39  Supply Depot  
  144  9:40  Command Center  
  144  9:42  Ghost  
  146  9:45  Medivac  
  146  9:49  Supply Depot  
  148  9:57  Supply Depot, Marine  
  149  10:01  Marine x3, Medivac  
  149  10:04  Supply Depot x3  
  149  10:05  Supply Depot  
  153  10:15  Viking  
  153  10:18  Marine  
  153  10:20  Ghost x2  
  160  10:25  Marauder  
  160  10:26  Marine x2  
  164  10:29  Marine  
  164  10:35  Missile Turret  
  165  10:44  Missile Turret  
  165  10:45  Ghost  
  165  10:46  Marine  
  165  10:47  Marine  
  165  10:49  Ghost, Marine  
  170  10:57  Ghost  
  170  10:58  Marine  
  170  10:59  Viking  
  170  11:00  Viking  
  177  11:06  Marine x2  
  178  11:18  Marine  
Show
View Real Time Build Order
Export as new Build Order

Neeb Protoss 

Build Orders: Blink Stalkers 

Get SALT Encoding   

  12  0:08  Pylon  
  12  0:13  Probe  
  13  0:27  Gateway  
  13  0:30  Probe (Chrono Boost)  
  14  0:40  Probe (Chrono Boost)  
  14  0:42  Assimilator  
  15  0:45  Probe (Chrono Boost)  
  17  0:57  Probe  
  17  1:09  Probe  
  18  1:14  Cybernetics Core  
  20  1:18  Zealot  
  20  1:23  Pylon, Probe  
  21  1:35  Probe  
  22  1:40  Pylon  
  22  1:48  Adept (Chrono Boost)  
  22  1:53  Probe  
  25  1:56  Assimilator  
  25  2:05  Shield Battery x2, Probe  
  26  2:14  Stalker  
  27  2:17  Probe  
  29  2:30  Probe  
  29  2:31  Warp Gate  
  29  2:43  Probe  
  30  2:50  Nexus  
  30  2:52  Stalker  
  30  2:55  Probe  
  31  3:08  Probe  
  30  3:14  Twilight Council  
  30  3:20  Probe  
  30  3:25  Pylon  
  31  3:29  Shield Battery  
  31  3:42  Gateway  
  31  3:43  Gateway, Probe  
  32  3:53  Blink (Chrono Boost)  
  30  3:55  Probe  
  29  4:03  Probe  
  29  4:07  Probe  
  27  4:15  Probe  
  28  4:20  Probe  
  29  4:26  Robotics Facility  
  29  4:27  Probe (Chrono Boost)  
  30  4:38  Probe (Chrono Boost)  
  32  4:39  Probe (Chrono Boost)  
  32  4:42  Stalker  
  35  4:45  Probe (Chrono Boost)  
  35  4:47  Stalker, Probe (Chrono Boost)  
  38  4:54  Probe  
  38  4:57  Probe  
  40  5:00  Stalker  
  40  5:06  Probe  
  42  5:09  Probe  
  41  5:18  Probe  
  42  5:21  Probe  
  42  5:25  Sentry  
  45  5:29  Stalker  
  45  5:30  Probe (Chrono Boost)  
  45  5:32  Stalker  
  45  5:34  Assimilator  
  50  5:36  Probe (Chrono Boost)  
  50  5:41  Probe (Chrono Boost)  
  52  5:43  Pylon  
  52  5:44  Probe (Chrono Boost)  
  52  5:46  Probe (Chrono Boost)  
  54  5:52  Probe  
  54  5:53  Observer  
  54  5:58  Assimilator  
  54  6:01  Probe  
  54  6:03  Stalker  
  57  6:05  Stalker, Probe  
  60  6:13  Probe  
  60  6:17  Probe  
  61  6:32  Pylon  
  61  6:37  Pylon  
  61  6:38  Pylon  
  61  6:41  Robotics Bay  
  61  6:42  Probe  
  61  6:43  Forge, Observer  
  61  6:45  Pylon  
  62  6:48  Observer  
  62  6:50  Nexus, Probe  
  64  6:54  Observer  
  64  6:55  Probe  
  65  7:01  Stalker x3  
  71  7:12  Shield Battery  
  70  7:24  Colossus (Chrono Boost)  
  70  7:26  Stalker x3  
  80  7:39  Probe x2  
  80  7:42  Pylon  
  82  7:44  Extended Thermal Lance (Chrono Boost)  
  82  7:49  Charge  
  82  7:51  Zealot x3  
  88  7:53  Probe  
  88  7:54  Probe  
  90  7:59  Observer  
  90  8:06  Colossus (Chrono Boost)  
  90  8:08  Observer  
  92  8:12  Pylon  
  92  8:17  Zealot x3  
  98  8:23  Protoss Ground Weapons Level 1  
  98  8:26  Probe  
  99  8:27  Probe  
  99  8:32  Probe  
  101  8:35  Gateway  
  101  8:36  Gateway  
  99  8:49  Colossus (Chrono Boost)  
  99  8:53  Probe x3  
  108  8:58  Gateway  
  108  9:00  Sentry, Zealot  
  108  9:01  Zealot  
  114  9:13  Photon Cannon  
  113  9:17  Probe x3  
  113  9:23  Gateway  
  116  9:27  Gateway  
  116  9:28  Zealot  
  116  9:31  Pylon  
  118  9:32  Templar Archives  
  118  9:38  Pylon  
  118  9:40  Pylon  
  118  9:45  Pylon x2  
  118  9:48  Warp Prism  
  118  9:49  Zealot  
  118  9:50  Zealot  
  124  9:53  Pylon  
  124  9:58  Zealot x2  
  124  9:59  Zealot  
  127  10:15  Nexus  
  127  10:19  Pylon  
  127  10:21  Zealot x3  
  127  10:23  Pylon  
  127  10:28  Probe x3  
  136  10:29  High Templar  
  136  10:30  High Templar x3  
  144  10:36  Archon x2  
  144  10:39  High Templar  
  144  10:42  Pylon  
  146  10:43  High Templar, Zealot  
  146  10:44  Zealot  
  146  10:48  Archon  
  152  10:58  Probe  
  152  11:02  Zealot x4  
  161  11:05  Zealot x2  
  159  11:22  Zealot x3  
  159  11:23  Zealot x3  
  133  11:26  Zealot x2  

Tags
 
Add a new tag
Caveats
  • Supply blocks, unpowered buildings, or Contaminate may cause inaccurate times.
  • Supply counts are checked every 10 seconds.